Map: Terraform LE (Void)

Players

wabbajack - Winner!

  • Race: Zerg Zerg
  • League: Gold

IIIIIIIIIIII

  • Race: Zerg Zerg
  • League: Bronze

VOD

Have the link to the VOD?

Description

Time

  • Played on: July 21, 2015, 1:17 p.m.
  • Length: 4:49
Show
View Real Time Build Order
Export as new Build Order

wabbajack Zerg - Winner!

Build Orders: Hatch First 

Get SALT Encoding   

  12  0:05  Drone  
  13  0:14  Overlord  
  13  0:18  Drone  
  14  0:22  Extractor  
  14  0:24  Drone  
  15  0:32  Drone  
  16  0:37  Drone  
  17  0:54  Hatchery  
  16  0:59  Drone, Extractor  
  16  1:02  Drone  
  17  1:19  Spawning Pool  
  17  1:24  Drone x2  
  18  1:31  Drone  
  19  1:42  Drone  
  20  1:55  Overlord  
  20  2:06  Roach Warren  
  20  2:07  Queen  
  21  2:09  Zergling x4  
  23  2:18  Queen  
  23  2:22  Drone  
  26  2:33  Drone x2  
  26  2:36  Drone  
  29  2:38  Drone  
  30  2:50  Overlord x2  
  30  3:10  Roach x4  
  30  3:11  Overlord  
  38  3:24  Metabolic Boost  
  33  3:45  Roach x7  
  47  3:53  Roach  
  49  4:08  Drone x2  
  49  4:09  Zergling x6  
  56  4:10  Zergling x4  
  56  4:20  Overlord  
Show
View Real Time Build Order
Export as new Build Order

IIIIIIIIIIII Zerg 

Build Orders: Pool First 

Get SALT Encoding   

  12  0:02  Drone  
  13  0:10  Drone  
  14  0:18  Overlord  
  14  0:36  Spawning Pool  
  14  0:37  Drone  
  14  0:41  Drone  
  15  0:45  Drone  
  15  0:48  Extractor  
  15  0:51  Drone  
  16  1:00  Drone  
  17  1:21  Hatchery  
  17  1:23  Zergling x2  
  17  1:31  Drone  
  18  1:35  Overlord  
  18  1:49  Metabolic Boost  
  18  1:54  Queen  
  18  1:58  Drone  
  21  2:02  Drone  
  22  2:11  Baneling Nest  
  21  2:17  Drone x2  
  23  2:35  Zergling x4  
  25  2:37  Queen  
  27  2:50  Zergling x2  
  27  2:51  Zergling x4  
  29  2:59  Zergling x4  
  31  3:09  Zergling x6  
  34  3:15  Overlord x2  
  34  3:34  Zergling x8  
  33  3:52  Zergling x20  
  43  3:58  Overlord  
  43  4:06  Zergling x2  
  44  4:18  Zergling x6  
  44  4:21  Zergling x2  
  44  4:22  Zergling x8  
Tags
 
Add a new tag
Caveats
  • Supply blocks, unpowered buildings, or Contaminate may cause inaccurate times.
  • Supply counts are checked every 10 seconds.